cohdb
Replays
Latest Replays
All Replays
Popular Replays
Top Player Replays
Match Explorer
How It Works
Community
CoH3 Stats
Reddit
Sign in to upload your games and track your stats! →
Sign in with Steam
Match 47075959
Unlisted
Match 47075959
Overview
Messages
Build Orders
End
Vickers Machine Gun Team
Construct Section Command Post
Infantry Section
Infantry Section
Infantry Section
Construct Platoon Command Post
Construct Field Infirmary
Unlock M3 Stuart Light Tanks
M3 Stuart Light Tank
ML 3-inch Mortar Team
Construct Company Command Post
Infantry Training
Selects Air and Sea Battlegroup
Selects Commando Section Paradrop
Selects M1 Pack Howitzer Paradrop
Commando Section Paradrop
Infantry Section
Crusader II Medium Tank
Crusader II Medium Tank
Selects Naval Blockade
Selects UNKNOWN (223837)
Naval Blockade
Foot Guards Section
Crusader II Medium Tank
Grenade Package
Crusader II Medium Tank
Engooeer
Brick_man
Dr. T
[DOOM INTENSIFIES]
Thiklitsa
OTTOMANEMPEROR
0
0
Comments
sign in to comment!
No comments posted yet!